 Dungeon Crawl Stone Soup version 0.26-a0-631-ged93497179 (webtiles) character file.

Game seed: 14309979758996422441

144360 MrRokkomies the Fighter (level 16, -6/141 HPs)
             Began as a Demigod Delver on Sept 13, 2020.
             Shot with a bolt by a naga sharpshooter (7 damage)
             ... on level 3 of the Snake Pit.
             The game lasted 01:49:26 (33765 turns).

MrRokkomies the Fighter (Demigod Delver)           Turns: 33765, Time: 01:49:27

Health: -6/141     AC: 28    Str: 23    XL:     16   Next: 32%
Magic:  27/27      EV: 18    Int: 23    God:
Gold:   187        SH:  0    Dex: 21    Spells: 10/25 levels left

rFire    + . .     SeeInvis .   a - +13 Maxwell's thermic engine {flame, freeze}
rCold    . . .     Faith    .   (no shield)
rNeg     + . .     Spirit   .   o - +5 chain mail of the Shore {rPois Str+5}
rPois    +         Reflect  .   h - +2 hat of Dideis {rF+ Regen+ Dex+3}
rElec    .         Harm     .   J - +0 cloak
rCorr    .         Rampage  .   D - +2 pair of gloves
MR       +....                  R - +2 pair of boots {run}
Stlth    +.........             L - amulet of the acrobat
HPRegen  0.73/turn              s - ring of the Octopus King {rN+ AC+1 EV+1 Str+1 Int+1 Dex+1}
MPRegen  0.20/turn              X - ring of Shadows {Umbra +Inv Stlth+}

@: wereblooded, wreathed by umbra, quick
A: high mp 1
a: Evoke Invisibility


You were on level 3 of the Snake Pit.
You visited 4 branches of the dungeon, and saw 26 of its levels.
You also visited: Ossuary.

You collected 2383 gold pieces.
You spent 2196 gold pieces at shops.

Inventory:

Hand Weapons
 a - the +13 Maxwell's thermic engine (weapon) {flame, freeze}
   (You bought it in a shop on level 1 of the Snake Pit)

   It has been specially enchanted to burn those struck by it, causing extra
   injury to most foes and up to half again as much damage against particularly
   susceptible opponents.
   Big, fiery blades are also staple armaments of hydra-hunters.
   It has been specially enchanted to freeze those struck by it, causing extra
   injury to most foes and up to half again as much damage against particularly
   susceptible opponents.
Missiles
 j - 10 boomerangs of dispersal
 y - 66 poisoned darts (quivered)
Armour
 h - the +2 hat of Dideis (worn) {rF+ Regen+ Dex+3}
   (You acquired it on level 7 of the Dungeon)

   It affects your dexterity (+3).
   It protects you from fire.
   It increases your rate of regeneration.
 o - the +5 chain mail of the Shore (worn) {rPois Str+5}
   (You bought it in a shop on level 2 of the Orcish Mines)

   It affects your strength (+5).
   It protects you from poison.
 B - the +2 scale mail of Gluttony {Str+2 Dex+6}
   (You found it on level 4 of the Dungeon)

   It affects your strength (+2).
   It affects your dexterity (+6).
 D - a +2 pair of gloves (worn)
 J - a +0 cloak (worn)
 R - a +2 pair of boots of running (worn)
Magical Staves
 w - an uncursed staff of poison
Jewellery
 p - an uncursed ring of ice
 s - a ring of the Octopus King (left hand) {rN+ AC+1 EV+1 Str+1 Int+1 Dex+1}
   (You found it on level 2 of the Lair of Beasts)

   [ring of positive energy]

   It affects your AC (+1).
   It affects your evasion (+1).
   It affects your strength (+1).
   It affects your intelligence (+1).
   It affects your dexterity (+1).
   It protects you from negative energy.
 E - an uncursed ring of protection from fire
 L - an amulet of the acrobat (around neck)
 N - a +4 ring of protection
 W - the ring of Hisuf {+Blink rF+ MP+9 Str+3 Dex-4}
   (You found it on level 1 of the Lair of Beasts)

   [ring of magical power]

   It affects your strength (+3).
   It affects your dexterity (-4).
   It protects you from fire.
   It affects your magic capacity (+9).
   It lets you blink.
 X - the ring of Shadows (right hand) {Umbra +Inv Stlth+}
   (You found it on level 14 of the Dungeon)

   [ring of stealth]

   It lets you turn invisible.
   It makes you more stealthy.
Wands
 e - a wand of paralysis (22)
 g - a wand of digging (4)
 n - a wand of polymorph (9)
 A - a wand of enslavement (5)
 M - a wand of random effects (12)
 P - a wand of flame (20)
 Q - a wand of acid (21)
Scrolls
 b - 2 scrolls of immolation
 c - 4 scrolls of fog
 d - a scroll of enchant armour
 q - 13 scrolls of teleportation
 u - 18 scrolls of remove curse
 v - 3 scrolls of magic mapping
 x - 3 scrolls of blinking
 C - 8 scrolls of enchant weapon
 F - a scroll of brand weapon
 G - a scroll of summoning
 H - 18 scrolls of identify
 K - a scroll of holy word
 S - 3 scrolls of fear
 U - 8 scrolls of amnesia
Potions
 f - 5 potions of haste
 i - 6 potions of stabbing
 k - 8 potions of might
 l - 2 potions of heal wounds
 m - 9 potions of curing
 r - 3 potions of brilliance
 t - 7 potions of flight
 z - 3 potions of resistance
 I - 2 potions of magic
 T - 2 potions of cancellation
 V - 3 potions of ambrosia
 Z - a potion of lignification
Miscellaneous
 O - a phial of floods


   Skills:
 + Level 12.5 Fighting
 * Level 11.3 Long Blades
 - Level 12.0 Armour
 - Level 11.5 Dodging
 - Level 4.7 Stealth
 - Level 5.0 Spellcasting
 - Level 8.0 Transmutations
 - Level 7.5 Ice Magic
 - Level 4.0 Air Magic
 - Level 10.0 Poison Magic
 + Level 4.0 Evocations


You had 10 spell levels left.
You knew the following spells:

 Your Spells              Type           Power        Failure   Level
a - Wereblood             Tmut           #####...     2%          2
b - Olgreb's Toxic Radia  Pois           ######..     8%          4
c - Ignite Poison         Fire/Tmut/Pois ####....     12%         3
d - Mephitic Cloud        Conj/Pois/Air  ####....     22%         3
e - Frozen Ramparts       Ice            #####.       7%          3

Your spell library contained the following spells:

 Spells                   Type           Power        Failure   Level
 Beastly Appendage        Tmut           #####.       1%          1
 Sting                    Tmut/Pois      ####         1%          1
 Freeze                   Ice            ####         2%          1
 Spider Form              Tmut/Pois      #####.....   3%          3
 Poisonous Vapours        Pois/Air       #####.       4%          2
 Ozocubu's Armour         Ice            #####...     7%          3
 Swiftness                Air            ###.....     14%         2
 Ice Form                 Ice/Tmut       #####...     21%         4
 Shock                    Conj/Air       ##..         22%         1
 Animate Skeleton         Necr           #.....       43%         1
 Apportation              Tloc           #.....       43%         1
 Corona                   Hex            #......      43%         1
 Pain                     Necr           #...         43%         1
 Summon Small Mammal      Summ           #...         43%         1
 Blade Hands              Tmut           #####.....   45%         5
 Static Discharge         Conj/Air       ##......     54%         3
 Blink                    Tloc           N/A          58%         2
 Call Imp                 Summ           #.......     58%         2
 Airstrike                Air            ###.......   67%         4
 Petrify                  Tmut/Erth      ###.....     67%         4
 Hailstorm                Conj/Ice       ###.....     71%         4
 Summon Ice Beast         Ice/Summ       ###.....     71%         4
 Call Canine Familiar     Summ           #.......     82%         3
 Confusing Touch          Hex            #.......     82%         3
 Gell's Gravitas          Tloc           #.........   82%         3
 Lesser Beckoning         Tloc           #.........   82%         3
 Stone Arrow              Conj/Erth      #.....       82%         3
 Summon Guardian Golem    Hex/Summ       #.......     82%         3
 Teleport Other           Tloc           #.......     82%         3
 Summon Lightning Spire   Summ/Air       ##......     91%         4
 Yara's Violent Unravell  Hex/Tmut       ###.......   95%         5
 Metabolic Englaciation   Hex/Ice        ###.......   96%         5
 Cause Fear               Hex            #.........   99%         4
 Iskenderun's Mystic Bla  Conj/Tloc      #.......     99%         4
 Passage of Golubria      Tloc           N/A          99%         4
 Lightning Bolt           Conj/Air       ##........   99%         5
 Silence                  Hex/Air        ##........   99%         5
 Fireball                 Conj/Fire      #.........   100%        5
 Conjure Ball Lightning   Conj/Air       ##........   100%        6
 Discord                  Hex            #.........   100%        8


Dungeon Overview and Level Annotations

Branches:
Dungeon (15/15)            Temple (0/1) D:4            Lair (6/6) D:11
 Shoals (0/4) Lair:3        Snake (3/4) Lair:3        Slime (0/5) Lair:5
    Orc (2/2) D:11            Elf (0/3) Orc:2        Vaults (0/5) D:14
 Depths (0/5) D:15        Ossuary (visited)

Shops:
D:5 ?   D:9 *   Orc:2 [[([*   Snake:1 ((

Annotations:
D:3 2 transporters, Soborki's ghost, amateur HOMo
D:9 3 runed translucent doors, hofbold's ghost, novice OpVM
Lair:1 exclusion: oklob plant
Lair:5 exclusion: 2 oklob plants


Innate Abilities, Weirdness & Mutations

You have an increased reservoir of magic. (+10% MP)


Message History

The naga freezes you.
* * * LOW HITPOINT WARNING * * *
You closely miss the naga sharpshooter.
The naga sharpshooter is moderately wounded.
The naga spits poison at you.
The splash of poison hits you but does no damage.
You resist.
The naga sharpshooter shoots a bolt.
The bolt hits you.
* * * LOW HITPOINT WARNING * * *
Unknown command.
You slice the naga sharpshooter!! You burn the naga sharpshooter!
You freeze the naga sharpshooter.
The naga sharpshooter is almost dead.
The naga hits you from afar with a +1 glaive of freezing!
* * * LOW HITPOINT WARNING * * *
The naga freezes you!
* * * LOW HITPOINT WARNING * * *
The naga sharpshooter mumbles some strange words.
The naga sharpshooter magically shoots a bolt.
The bolt hits you!
You die...

#..# #...# ...
..#..# ...#
..###.## #... ...#
#..# ##..# ..#
#..#####...# ..
#...##.....##
..####.)(........#
##.
......†@(........#
#.#
.#...NN).###.....##
#.# ##..##..#
##.....# ##.# #.
#..# ##....###..#
.. #..#
##.^...##... ##
..## #......##...
...# #............
............###....
........## ###..


You could see a naga sharpshooter (fast) and a naga (fast, catching breath).

Vanquished Creatures
  Rupert (Lair:3)
  Gastronok (D:11)
  2 nagarajas (Snake:3)
  An orc warlord (Orc:2)
  Nessos (Lair:4)
  A dire elephant (D:15)
  Josephine (Lair:3)
  4 vault guards (D:14)
  7 naga warriors
  3 centaur warriors
  A rakshasa (D:14)
  8 hydras
  3 catoblepae (Lair:6)
  10 two-headed ogres
  2 anacondas
  7 death yaks (Lair:6)
  A tengu warrior (D:14)
  An ogre mage (D:15)
  3 shock serpents
  6 naga sharpshooters
  Nergalle (D:11)
  3 orc high priests (Orc:2)
  3 unseen horrors
  3 salamander mystics (Snake:3)
  4 skeletal warriors (D:12)
  2 slime creatures (D:12)
  2 wizards (D:14)
  Pikel (D:6)
  A deep troll (Snake:2)
  2 oklob plants (Lair:4)
  An orc knight (Orc:2)
  5 naga ritualists
  8 salamanders
  14 ugly things
  4 orc sorcerers (Orc:2)
  12 mana vipers
  6 cyclopes
  6 manticores
  A guardian serpent (Snake:3)
  7 naga magi
  Joseph (D:9)
  Psyche (D:11)
  A merfolk siren (Lair:3)
  An elephant (Snake:3)
  A torpor snail (Lair:4)
  25 black mambas
  Maggie (D:7)
  7 cane toads
  A gargoyle (D:15)
  5 yaktaurs (D:15)
  A rime drake (shapeshifter) (D:13)
  9 komodo dragons
  3 rime drakes
  2 efreet (D:15)
  A kobold demonologist (D:12)
  A merfolk (D:10)
  3 polar bears
  9 trolls
  A queen bee (Lair:2)
  15 blink frogs
  10 hippogriffs
  4 dream sheep (Lair:6)
  Sigmund (D:2)
  2 water elementals
  A tarantella (shapeshifter) (D:14)
  4 wraiths
  A shadow (D:14)
  4 wyverns
  Eustachio (D:6)
  57 yaks
  3 basilisks
  8 vampire mosquitoes
  A warg (Orc:2)
  2 acid dragons
  25 nagas
  12 water moccasins
  A soldier ant (D:10)
  Duvessa (D:5)
  35 orc warriors
  7 porcupines
  4 sky beasts
  3 ice beasts
  12 ogres
  A black bear (D:9)
  4 necrophages
  An eye of draining (D:11)
  7 wolves
  3 phantoms
  13 crocodiles
  2 lemures (D:6)
  19 centaurs
  3 big kobolds
  18 bullfrogs
  2 gnoll sergeants
  6 scorpions
  Dowan (D:5)
  29 killer bees
  18 wights
  5 howler monkeys
  2 electric eels
  2 bullfrog zombies
  3 quasits
  8 centaur zombies
  An iron imp (D:8)
  2 human zombies (Ossuary)
  2 jellies
  29 orc wizards
  15 orc priests
  3 bullfrog skeletons
  9 centaur skeletons
  8 hounds
  2 iguanas
  10 worker ants
  An ogre zombie (Ossuary)
  A big kobold zombie (Ossuary)
  A hound zombie (D:10)
  8 mummies
  3 hound skeletons
  2 worker ant zombies
  6 adders
  8 gnolls
  A howler monkey skeleton (D:7)
  2 shadow imps
  6 white imps
  2 ufetubi
  2 oozes
  3 adder zombies
  4 worms
  8 leopard geckos
  104 orcs
  7 giant cockroaches
  7 goblins
  6 hobgoblins
  16 jackals
  6 quokkas
  A ball python (D:3)
  12 bats
  2 frilled lizards
  3 gnoll zombies (Ossuary)
  4 goblin zombies
  4 hobgoblin zombies
  A jackal skeleton (D:6)
  18 kobolds
  A kobold skeleton (D:8)
  8 kobold zombies
  A leopard gecko zombie (D:6)
  2 orc skeletons (D:8)
  An orc zombie (D:8)
  A quokka skeleton (D:4)
  6 quokka zombies (Ossuary)
  6 rats
  3 rat zombies (Ossuary)
944 creatures vanquished.

Vanquished Creatures (collateral kills)
  A hydra (Lair:3)
  2 oklob plants (Lair:4)
3 creatures vanquished.

Vanquished Creatures (others)
  A black mamba (Snake:1)
  A naga mage (Snake:3)
  A quokka (D:15)
  31 fungi
  37 plants
71 creatures vanquished.

Grand Total: 1018 creatures vanquished

Notes
Turn   | Place    | Note
-------+----------+-------------------------------------------
     0 | D:5      | MrRokkomies the Demigod Delver began the quest for the Orb.
     0 | D:5      | Reached XP level 1. HP: 18/18 MP: 3/3
    18 | D:5      | Found a sacrificial altar of Ru.
    19 | D:5      | Found Qatin's Magic Scroll Shop.
    80 | D:4      | Reached XP level 2. HP: 25/26 MP: 4/4
    86 | D:4      | Found a staircase to the Ecumenical Temple.
   120 | D:4      | Reached XP level 3. HP: 31/31 MP: 5/5
   182 | D:4      | Noticed a scorpion
   190 | D:4      | Killed a scorpion
   190 | D:4      | Reached XP level 4. HP: 40/40 MP: 6/6
   330 | D:4      | Noticed a phantom
   387 | D:4      | Reached XP level 5. HP: 17/46 MP: 7/7
   413 | D:4      | Found a sand-covered staircase.
   420 | Ossuary  | Entered an ossuary
  1090 | Ossuary  | Reached XP level 6. HP: 25/53 MP: 8/8
  1739 | Ossuary  | Reached skill level 5 in Fighting
  2105 | D:3      | Reached XP level 7. HP: 57/61 MP: 9/9
  2154 | D:3      | Found a faded altar of an unknown god.
  2750 | D:3      | Reached skill level 5 in Long Blades
  2883 | D:3      | Identified the +3 dire flail of Execution {pain, rElec}
  2889 | D:3      | Noticed Soborki's ghost (amateur HOMo)
  3008 | D:3      | Found a transporter.
  3365 | D:3      | Found a transporter.
  3791 | D:2      | Noticed Sigmund
  3816 | D:2      | Killed Sigmund
  4013 | D:2      | Found a stormy altar of Qazlal.
  4855 | D:4      | Got a warped scale mail
  4866 | D:4      | Identified the +2 scale mail of Gluttony {Str+2 Dex+6} (You
                  | found it on level 4 of the Dungeon)
  5041 | D:4      | Reached XP level 8. HP: 46/70 MP: 10/10
  5800 | D:5      | Found Zin's Purification Station.
  5808 | D:5      | Found a glowing silver altar of Zin.
  5811 | D:5      | Bought a potion of curing for 90 gold pieces
  5916 | D:5      | Noticed Dowan
  5928 | D:5      | Killed Dowan
  5930 | D:5      | Noticed Duvessa
  5946 | D:5      | Killed Duvessa
  6486 | D:6      | Noticed Eustachio
  6518 | D:6      | Killed Eustachio
  6694 | D:6      | Noticed Pikel
  6702 | D:6      | Found a shimmering altar of Xom.
  6717 | D:6      | Found a shimmering blue altar of Sif Muna.
  6717 | D:6      | Found a radiant altar of Vehumet.
  6946 | D:6      | Reached skill level 5 in Dodging
  7212 | D:6      | Reached XP level 9. HP: 80/80 MP: 11/11
  7272 | D:6      | Killed Pikel
  7787 | D:7      | Noticed Maggie
  7954 | D:7      | Identified a scroll of acquirement
  7954 | D:7      | Acquired the +2 hat of Dideis {rF+ Regen+ Dex+3}
  8024 | D:7      | Killed Maggie
  8424 | D:7      | Found an ornate altar of the Wu Jian Council.
  8916 | D:8      | Reached XP level 10. HP: 81/91 MP: 13/13
  9195 | D:8      | Found a glowing golden altar of the Shining One.
  9388 | D:8      | Found a sparkling altar of Nemelex Xobeh.
  9579 | D:9      | Found Kyik's General Store.
  9740 | D:9      | Learned a level 2 spell: Wereblood
  9906 | D:9      | Noticed hofbold's ghost (novice OpVM)
  9980 | D:9      | Found a runed translucent gate.
  9980 | D:9      | Found a runed translucent gate.
  9980 | D:9      | Found a runed translucent gate.
 10081 | D:9      | Reached skill level 1 in Transmutations
 10215 | D:9      | Found an iron altar of Okawaru.
 10416 | D:9      | Noticed Joseph
 10444 | D:9      | Killed Joseph
 10444 | D:9      | Reached skill level 10 in Fighting
 10576 | D:10     | Entered Level 10 of the Dungeon
 10783 | D:10     | Learned a level 4 spell: Olgreb's Toxic Radiance
 10836 | D:10     | Noticed a two-headed ogre
 10862 | D:10     | Killed a two-headed ogre
 10862 | D:10     | Reached skill level 10 in Long Blades
 10862 | D:10     | Reached skill level 1 in Armour
 11101 | D:10     | Noticed a red ugly thing
 11127 | D:10     | Killed a red ugly thing
 11127 | D:10     | Reached skill level 1 in Poison Magic
 11579 | D:11     | Noticed Gastronok
 11616 | D:11     | Killed Gastronok
 11616 | D:11     | Reached XP level 11. HP: 85/99 MP: 14/14
 11652 | D:11     | Noticed Nergalle
 11662 | D:11     | Killed Nergalle
 11859 | D:11     | Found a staircase to the Orcish Mines.
 11884 | D:11     | Found a roughly hewn altar of Beogh.
 12133 | D:11     | Found a staircase to the Lair.
 12177 | D:11     | Noticed Psyche
 12199 | D:11     | Killed Psyche
 12199 | D:11     | Reached skill level 5 in Transmutations
 12398 | D:11     | Noticed a two-headed ogre
 12431 | D:11     | Killed a two-headed ogre
 12431 | D:11     | Reached skill level 1 in Spellcasting
 12670 | D:11     | Killed an unseen horror
 12670 | D:11     | Reached skill level 5 in Poison Magic
 13070 | Lair:1   | Entered Level 1 of the Lair of Beasts
 13262 | Lair:1   | You fall into a shaft and drop 1 floor!
 13459 | Lair:2   | Noticed a four-headed hydra
 13677 | Lair:2   | Reached XP level 12. HP: 39/106 MP: 20/20
 13828 | Lair:2   | Learned a level 3 spell: Ignite Poison
 14180 | Lair:1   | Got a warped tin ring
 14265 | Lair:1   | Identified the ring of Hisuf {+Blink rF+ MP+9 Str+3 Dex-4}
                  | (You found it on level 1 of the Lair of Beasts)
 14453 | Lair:1   | Learned a level 3 spell: Mephitic Cloud
 14628 | Lair:2   | Killed a four-headed hydra
 14637 | Lair:2   | Found the ring of the Octopus King
 14647 | Lair:2   | Got a ring of the Octopus King
 14649 | Lair:2   | Identified a ring of the Octopus King {rN+ AC+1 EV+1 Str+1
                  | Int+1 Dex+1} (You found it on level 2 of the Lair of
                  | Beasts)
 14941 | Lair:2   | Noticed an eight-headed hydra
 14954 | Lair:2   | Killed an eight-headed hydra
 15258 | Lair:2   | Reached skill level 5 in Armour
 15539 | Lair:2   | Reached skill level 5 in Spellcasting
 15704 | Lair:3   | Noticed Rupert
 15746 | Lair:3   | Killed Rupert
 15746 | Lair:3   | Reached skill level 1 in Air Magic
 16367 | Lair:3   | You fall into a shaft and drop 3 floors!
 16367 | Lair:6   | Entered Level 6 of the Lair of Beasts
 16592 | Lair:6   | Noticed a catoblepas
 16593 | Lair:6   | Noticed an eight-headed hydra
 16769 | Lair:4   | Reached XP level 13. HP: 100/113 MP: 24/24
 16950 | Lair:3   | Found a staircase to the Snake Pit.
 17514 | Lair:3   | Found a staircase to the Shoals.
 17829 | Lair:4   | Noticed Josephine
 17874 | Lair:3   | Killed Josephine
 18012 | Lair:4   | Reached skill level 10 in Dodging
 18745 | Lair:4   | Noticed Nessos
 18766 | Lair:4   | Killed Nessos
 19076 | Lair:4   | Learned a level 3 spell: Frozen Ramparts
 19651 | Lair:4   | Reached skill level 1 in Ice Magic
 19872 | Lair:4   | Identified Zaen's Reference Book on Lethal Unholy Rites
 20263 | Lair:5   | Found a staircase to the Slime Pits.
 22152 | Lair:6   | Reached skill level 5 in Ice Magic
 22163 | Lair:6   | Reached XP level 14. HP: 106/122 MP: 1/25
 22957 | Orc:1    | Entered Level 1 of the Orcish Mines
 23041 | Orc:2    | Entered Level 2 of the Orcish Mines
 23238 | Orc:2    | Found a roughly hewn altar of Beogh.
 23365 | Orc:2    | Found a staircase to the Elven Halls.
 23466 | Orc:2    | Found a roughly hewn altar of Beogh.
 23579 | Orc:2    | Found Eplithro's Armour Shoppe.
 23584 | Orc:2    | Bought a +1 pair of boots of running for 438 gold pieces
 23683 | Orc:2    | Paralysed by an orc sorcerer for 6 turns
 23885 | Orc:2    | Found a roughly hewn altar of Beogh.
 23890 | Orc:2    | Found Hefov's Antique Armour Boutique.
 23895 | Orc:2    | Bought an ichor-stained chain mail for 304 gold pieces
 23895 | Orc:2    | Identified the +5 chain mail of the Shore {rPois Str+5}
                  | (You bought it in a shop on level 2 of the Orcish Mines)
 24023 | Orc:2    | Found Epoyggow's Assorted Antiques.
 24076 | Orc:2    | Found a roughly hewn altar of Beogh.
 24197 | Orc:2    | Found a roughly hewn altar of Beogh.
 24312 | Orc:2    | Noticed an orc warlord
 24457 | Orc:2    | Killed an orc warlord
 24514 | Orc:2    | Found Daveuwko's Antique Armour Shop.
 24515 | Orc:2    | Found a roughly hewn altar of Beogh.
 24537 | Orc:2    | Found Murch's Antique Weapon Boutique.
 24894 | Orc:2    | Found a roughly hewn altar of Beogh.
 27742 | D:14     | Found the ring of Shadows {Umbra +Inv Stlth+}
 27744 | D:14     | You fall into a shaft and drop 1 floor!
 27744 | D:15     | Entered Level 15 of the Dungeon
 28239 | D:14     | Found a gate to the Vaults.
 28249 | D:14     | Reached XP level 15. HP: 90/130 MP: 12/26
 28256 | D:14     | Reached skill level 10 in Armour
 28663 | D:15     | Reached skill level 10 in Poison Magic
 28858 | D:15     | Found a staircase to the Depths.
 29149 | D:15     | Found a white marble altar of Elyvilon.
 30139 | Snake:1  | Entered Level 1 of the Snake Pit
 30156 | Snake:1  | Identified the +2 robe of the Nightingale {rN+ Regen+
                  | Dex-4} (You found it on level 1 of the Snake Pit)
 30424 | Snake:1  | Found Karaas's Weapon Emporium.
 30428 | Snake:1  | Found Waqy's Antique Weapon Shoppe.
 30437 | Snake:1  | Reached skill level 1 in Evocations
 30630 | Snake:1  | Bought the +2 Maxwell's thermic engine {flame, freeze} for
                  | 1364 gold pieces
 30630 | Snake:1  | Found the +2 Maxwell's thermic engine {flame, freeze}
 32531 | Snake:3  | Reached XP level 16. HP: 125/139 MP: 27/27
 33765 | Snake:3  | HP: 1/141 [naga/+1 glaive of freezing (9)]
 33765 | Snake:3  | Shot with a bolt by a naga sharpshooter

Illustrated notes

Levels and vault maps discovered:
D:1:      heliophobic_arrival_glass_houses, layout_basic
D:2:      kb_forest_paths, layout_rooms, grunt_qazlal_clouds, uniq_sigmund
D:3:      layout_basic, gammafunk_ghost_smash,
          chequers_ecumenical_altar_simple_redux
D:4:      layout_basic, minmay_temple_entry_drinking_statues,
          nicolae_ossuary_entry_giza, serial_glass, glass_columns_a,
          glass_columns_a, glass_columns_c, glass_columns_a, glass_columns_b,
          glass_columns_a, item_on_display_a, chequers_serial_rivers_micro_d,
          kennysheep_crisscross, st_stairs_7
D:5:      layout_basic, nicolae_ru_awakened_eye, zin_purify, serial_shops, shop,
          uniq_duvessa
D:6:      layout_rooms, chequers_temple_overflow_statue_of_worship,
          minmay_misc_feat_chi, dk_rats_in_the_wall, uniq_pikel, uniq_eustachio
D:7:      layout_basic, marbit_many_paths, minmay_statues_item, uniq_maggie
D:8:      layout_rooms, nicolae_tso_besieged_by_evil, nemelex_altar_shiori
D:9:      layout_roguey, kennysheep_mini_moat, gammafunk_ghost_icy,
          serial_shops, nicolae_shop_window_shopping, uniq_joseph
D:10:     layout_roguey, hangedman_fish_farm
D:11:     layout_cave_pods, erik_lair_island, minmay_orc_entry_temple_small,
          uniq_psyche, uniq_nergalle, uniq_gastronok
D:12:     layout_loops_ring, minmay_librarian
D:13:     layout_long_grid, kennysheep_another_room
D:14:     layout_basic, lightli_vaults_fourway_checkpoint, minivault_25,
          grunt_ministairs_12
D:15:     hangedman_depths_entry_try_elsewhere_first, layout_irregular_city,
          elyvilon_altar_4
Lair:1:   dpeg_oklob_gauntlet, layout_gridlike, lemuel_fruit_fields
Lair:2:   layout_long_grid, special_room [special_room_bee]
Lair:3:   layout_hall_layers, minmay_shoals_entry_lonely_mermaid,
          minmay_snake_entry_guardpost_large, serial_bayou_shore_b,
          grunt_megastairs_3, uniq_rupert
Lair:4:   layout_hall_layers, minmay_shattered_shrine,
          minmay_lair_oklob_chamber, lemuel_fruit_tree,
          infiniplex_staircase_pool, uniq_nessos, uniq_josephine
Lair:5:   layout_roguey, minmay_slime_entry_oklob_open, lemuel_fruit_fields,
          serial_bayou_shore_b, grunt_megastairs_5, infiniplex_staircase_pool_2
Lair:6:   evilmike_catoblepas_cave, layout_cave_pods, serial_bayou_pond_e
Snake:1:  layout_onion_interference, minmay_shoptagon
Snake:2:  layout_layer_cave, grunt_ministairs_1
Snake:3:  layout_layer_cave
Orc:1:    layout_caves, basic_altar, gammafunk_ghost_grave, minmay_orc_treasury
Orc:2:    grunt_orc_community_town_hall, layout_caves,
          grunt_orc_community_big_house_2, grunt_orc_community_big_house_2,
          grunt_orc_community_house_2, grunt_orc_community_house_1,
          grunt_orc_community_house_2, grunt_orc_community_house_1,
          grunt_orc_community_house_1, grunt_orc_community_house_3,
          serial_shops, nicolae_shop_trees

Skill      XL: |  1  2  3  4  5  6  7  8  9 10 11 12 13 14 15 16 |
---------------+-------------------------------------------------+-----
Fighting       | 3 4 5 6 7 9 10 11 12 | 12.5
Long Blades    | 2 3 4 5 7 8 10 11 | 11.3
Dodging        | 2 3 4 5 6 7 8 9 11 | 11.5
Transmutations | 4 5 7 8 |  8.0
Armour         | 2 4 6 8 9 11 12 | 12.0
Poison Magic   | 3 5 8 9 10 | 10.0
Spellcasting   | 3 5 |  5.0
Air Magic      | 3 4 |  4.0
Ice Magic      | 5 7 |  7.5
Evocations     | 2 4 |  4.0
Stealth        | |  4.7

Action                   |  1- 3 |  4- 6 |  7- 9 | 10-12 | 13-15 | 16-18 || total
-------------------------+-------+-------+-------+-------+-------+-------++-------
Melee: Short sword       |    26 |   237 |   103 |       |       |       ||   366
       Dagger            |       |       |   506 |   998 |   859 |       ||  2363
       Rapier            |       |       |   316 |   495 |   379 |       ||  1190
       Scimitar          |       |       |       |       |   947 |       ||   947
       Double sword      |       |       |       |       |   153 |   163 ||   316
Throw: Boomerang         |       |     2 |       |       |       |       ||     2
       Dart              |       |       |       |    11 |     7 |       ||    18
       Throwing net      |       |       |       |     5 |       |       ||     5
 Cast: Olgreb's Toxic Ra |       |       |       |    11 |    47 |       ||    58
       Wereblood         |       |       |       |     1 |     3 |     2 ||     6
       Ignite Poison     |       |       |       |     7 |    43 |       ||    50
       Mephitic Cloud    |       |       |       |       |     7 |       ||     7
       Frozen Ramparts   |       |       |       |       |     2 |       ||     2
Evoke: Wand              |       |    17 |     1 |     4 |    13 |     3 ||    38
  Use: Scroll            |     1 |     6 |    14 |     4 |    19 |       ||    44
       Potion            |       |       |     1 |     6 |     3 |       ||    10
 Stab: Sleeping          |     2 |    13 |    21 |    15 |     3 |     1 ||    55
       Fleeing           |       |       |     1 |       |       |       ||     1
       Held in net/web   |       |       |       |     8 |       |       ||     8
       Invisible         |       |       |       |     2 |       |       ||     2
       Confused          |       |       |       |       |     4 |       ||     4
       Petrified         |       |       |       |       |     3 |       ||     3
       Petrifying        |       |       |       |       |     1 |       ||     1
       Distracted        |       |       |       |       |       |     1 ||     1
Armor: Leather armour    |     8 |    65 |    27 |       |       |       ||   100
       Ring mail         |       |       |    69 |       |       |       ||    69
       Scale mail        |       |       |   172 |   420 |   328 |       ||   920
       Chain mail        |       |       |       |       |   656 |    80 ||   736
Dodge: Dodged            |    18 |   112 |   600 |  1172 |  2238 |   189 ||  4329
       Rpst.: Scimitar   |       |       |       |       |   210 |       ||   210
       Double sword      |       |       |       |       |    50 |    38 ||    88

Table legend: (Time is in decaauts)
 A = Elapsed time spent in this place.
 B = Non-inter-level travel time spent in this place.
 C = Inter-level travel time spent in this place.
 D = Time resting spent in this place.
 E = Time spent auto-exploring this place.
 F = Levels seen in this place.
 G = Mean time per level.
                   A        B        C        D        E       F      G
               +--------+--------+--------+--------+--------+-----+--------+
         Total |  32105 |  30303 |   1802 |   4792 |  17816 |  27 | 1189.1 |
       Dungeon |  15873 |  14941 |    932 |   2413 |   8435 |  15 | 1058.2 |
          Lair |   9747 |   9082 |    665 |   1240 |   5840 |   6 | 1624.5 |
     Snake Pit |   3097 |   3035 |     62 |    472 |   1874 |   3 | 1032.3 |
  Orcish Mines |   2047 |   1906 |    141 |    219 |   1096 |   2 | 1023.5 |
       Ossuary |   1339 |   1339 |      0 |    446 |    569 |   1 | 1339.0 |
               +--------+--------+--------+--------+--------+-----+--------+

Top non-repeatable levels by time:
  Lair:6: 2125 daAuts
  Lair:4: 1957 daAuts
  Lair:2: 1891 daAuts
   Orc:2: 1857 daAuts
  Lair:3: 1693 daAuts
    D:11: 1544 daAuts
     D:4: 1468 daAuts
     D:6: 1394 daAuts
    D:15: 1371 daAuts
 Ossuary: 1339 daAuts
     D:3: 1298 daAuts
 Snake:3: 1187 daAuts
    D:13: 1153 daAuts
 Snake:2: 1131 daAuts
  Lair:5: 1060 daAuts
